 Dungeon Crawl Stone Soup version 0.24-a0-368-g0e0cebd0f3 (webtiles) character file.

Game seed: 13002621000565660801

15040 Avack the Grappler (level 11, 0/97 HPs)
             Began as a Troll Ice Elementalist on May 29, 2019.
             Was an Elder of Ashenzari.
             Slain by a wolf (1 damage)
             ... in an ice cave.
             The game lasted 00:53:45 (13896 turns).

Avack the Grappler (Troll Ice Elementalist)        Turns: 13896, Time: 00:53:45

Health: 0/97       AC: 11    Str: 23    XL:     11   Next: 96%
Magic:  3/11       EV: 11    Int: 20    God:    Ashenzari [****..]
Gold:   665        SH: 11    Dex: 10    Spells: 1/12 levels left

rFire    . . .     SeeInvis +     - Unarmed
rCold    . . .     Gourm    +   J - +0 shield (curse)
rNeg     . . .     Faith    .   p - +2 robe {MR+} (curse)
rPois    .         Spirit   .   (helmet restricted)
rElec    .         Reflect  .   t - +2 cloak (curse)
rCorr    .         Harm     .   (gloves unavailable)
MR       ++...     Clarity  +   (boots unavailable)
Stlth    ++........             (no amulet)
HPRegen  0.66/turn              f - ring of protection from magic
MPRegen  0.12/turn              A - +6 ring of intelligence

@: mighty, very slightly contaminated, drained
A: large, unfitting armour, claws 3, fast metabolism 3, gourmand, regeneration
1, shaggy fur 1, tough skin 3
a: Curse Item, Scrying, Renounce Religion


You were in an ice cave.
You worshipped Ashenzari.
Ashenzari was greatly pleased with you.
You were hungry.

You visited 3 branches of the dungeon, and saw 15 of its levels.
You also visited: Ice Cave.

You collected 665 gold pieces.

Inventory:

Missiles
 k - 38 poisoned darts (quivered)
 r - 7 boomerangs
 z - 2 throwing nets
 D - 5 silver boomerangs
 M - 8 atropa-tipped darts
Armour
 p - a cursed +2 robe of magic resistance (worn)
 t - a cursed +2 cloak (worn)
 B - a +0 robe of resistance
 J - a cursed +0 shield (worn)
Magical Staves
 a - an uncursed staff of wizardry
 u - an uncursed staff of air
 v - an uncursed staff of energy
Jewellery
 f - a ring of protection from magic (left claw)
 i - an uncursed ring of protection from fire
 A - a +6 ring of intelligence (right claw)
Wands
 h - a wand of random effects (32)
 m - a wand of polymorph (25)
 y - a wand of acid (20)
 I - a wand of flame (22)
 Q - a wand of enslavement (5)
Scrolls
 d - 4 scrolls of amnesia
 x - a scroll of teleportation
 C - a scroll of magic mapping
 G - 2 scrolls of remove curse
 K - a scroll of enchant armour
Potions
 b - a potion of degeneration {unknown}
 e - a potion of ambrosia {unknown}
 g - 3 potions of curing
 j - a potion of haste
 l - a potion of resistance
 n - 5 potions of brilliance
 o - a potion of magic {unknown}
 q - 3 potions of might
 s - 3 potions of flight
 w - a potion of invisibility
 N - a potion of lignification {unknown}
Miscellaneous
 P - a lamp of fire (inert)
Comestibles
 c - 31 rations


   Skills:
 - Level 3.2(2.4) Fighting
 - Level 3.7(5.0) Dodging
 - Level 1.0(1.5) Stealth
 - Level 7.1(8.5) Shields
 - Level 10.6(9.6) Unarmed Combat
 - Level 1.2(0.5) Spellcasting
 - Level 0.6(0.0) Conjurations
 - Level 3.4(2.6) Hexes
 - Level 3.9(3.1) Charms
 + Level 4.2(3.4) Summonings
 + Level 6.7(5.8) Ice Magic


You had one spell level left.
You knew the following spells:

 Your Spells              Type           Power        Failure   Level  Hunger
a - Throw Frost           Conj/Ice       ##....       10%         2    ###....
b - Ozocubu's Armour      Chrm/Ice       ###.....     10%         3    ####...
c - Confusing Touch       Hex            ##....       7%          1    ##.....
d - Summon Ice Beast      Ice/Summ       ###.....     30%         4    #####..
e - Apportation           Tloc           #.....       21%         1    ##.....

Your spell library contained the following spells:

 Spells                   Type           Power        Failure   Level  Hunger
 Freeze                   Ice            ###.         1%          1    ##.....
 Summon Small Mammal      Summ           ##..         4%          1    ##.....
 Animate Skeleton         Necr           N/A          21%         1    ##.....
 Call Imp                 Summ           ##......     8%          2    ###....
 Call Canine Familiar     Summ           ##......     16%         3    ####...
 Summon Guardian Golem    Hex/Summ       ##......     19%         3    ####...
 Confuse                  Hex            ##......     21%         3    ####...
 Gell's Gravitas          Tloc           #.........   52%         3    ####...
 Throw Icicle             Conj/Ice       ##......     52%         4    #####..
 Summon Lightning Spire   Summ/Air       #.......     69%         4    #####..
 Metabolic Englaciation   Hex/Ice        ###.......   69%         5    ######.
 Petrify                  Tmut/Erth      #.......     90%         4    #####..
 Iskenderun's Battlesphe  Conj/Chrm      #.......     96%         5    ######.
 Yara's Violent Unravell  Hex/Tmut       #.........   97%         5    ######.
 Bolt of Magma            Conj/Fire/Erth #.........   99%         5    ######.
 Venom Bolt               Conj/Pois      #.........   99%         5    ######.
 Iron Shot                Conj/Erth      #.........   100%        6    #######
 Orb of Destruction       Conj           #.........   100%        7    #######
 Spellforged Servitor     Conj/Summ      #.........   100%        7    #######


Dungeon Overview and Level Annotations

Branches:
Dungeon (12/15)            Temple (1/1) D:4            Lair (2/6) D:8
    Orc (0/2) D:11
  Swamp: Lair:2-4    Shoals: Lair:2-4     Snake: Lair:2-4    Spider: Lair:2-4

Altars:
Ashenzari
Cheibriados
Dithmenos
Elyvilon
Fedhas
Gozag
Hepliaklqana
Kikubaaqudgha
Makhleb
Nemelex Xobeh
Okawaru
Qazlal
Ru
Sif Muna
Trog
Uskayaw
Vehumet
Xom
Yredelemnul
Zin
The Shining One

Shops:
D:4 :

Annotations:
D:5 exclusion: centaur
D:9 exclusion: centaur, Erica
Lair:1 exclusion: 3 oklob plants
Lair:2 Nergalle


Innate Abilities, Weirdness & Mutations

You are too large for most types of armour.
You have claws for hands.
Your metabolism is lightning-fast.
You like to eat raw meat.
Your natural rate of healing is unusually fast.
You are covered in fur. (AC +1)
You have extremely tough skin. (AC +3)


Message History

Your soldier ant barely misses the polar bear.
The wolf closely misses you. The yak gores you.
You barely miss the yak.
The yak is moderately wounded.
The wolf bites you.
* * * LOW HITPOINT WARNING * * *
You block the wolf's attack.
Your soldier ant barely misses the polar bear.
You block the wolf's attack. The yak gores you!
* * * LOW HITPOINT WARNING * * *
Okay, then.
The wolf bites you!
* * * LOW HITPOINT WARNING * * *
Your soldier ant barely misses the polar bear.
The wolf closely misses you.
Unknown command.
You feel better. You block the wolf's attack. The wolf bites you!
* * * LOW HITPOINT WARNING * * *
The wolf bites you.
You die...

* ##.# ...*
**, ..# , *
, *..#* *
#..##
######Y.h#
#∩#.###..##
#....###..#
#...@hY#..#
##∩..hY...#
#####ha.##
#####


You could see a polar bear, 2 yaks, 2 wolves and a friendly soldier ant.

Vanquished Creatures
  A hydra (Lair:1)
  Erolcha (D:9)
  Pikel (D:7)
  A cyclops (D:11)
  2 black mambas
  3 spiny frogs (Lair:1)
  A komodo dragon (Lair:1)
  A polar bear (IceCv)
  2 hippogriffs (Lair:1)
  A troll (D:10)
  Grinder (D:3)
  A hornet (D:11)
  Sigmund (D:3)
  8 yaks (Lair:1)
  2 basilisks
  A wyvern (D:8)
  A steam dragon (D:10)
  Menkaure (D:7)
  2 hungry ghosts (D:11)
  A two-headed ogre zombie (D:11)
  7 water moccasins
  3 porcupines
  A black bear (D:9)
  A sky beast (D:5)
  6 orc warriors
  3 phantoms
  3 ice beasts
  2 slaves (D:7)
  5 ogres
  A wolf (Lair:2)
  5 centaurs
  2 crocodiles
  A big kobold (D:12)
  8 bullfrogs
  2 gnoll sergeants
  3 scorpions
  A water moccasin skeleton (D:9)
  15 killer bees
  4 troll zombies (D:11)
  2 howler monkeys
  2 crimson imps
  5 hounds
  A quasit (D:10)
  10 orc priests
  Crazy Yiuf (D:5)
  3 centaur skeletons
  8 orc wizards
  3 iguanas
  2 bullfrog skeletons
  Terence (D:3)
  10 worker ants
  2 killer bee zombies
  3 ogre zombies (D:11)
  2 hound zombies
  3 hound skeletons
  8 gnolls
  8 adders
  A shadow imp (D:7)
  An ooze (D:7)
  An adder skeleton (D:4)
  An adder zombie (D:9)
  4 worms
  2 dart slugs
  6 leopard geckos
  51 orcs
  5 giant cockroaches
  A goblin (D:2)
  4 hobgoblins
  9 jackals
  6 quokkas
  A ball python (D:4)
  10 bats
  3 frilled lizards
  7 goblin zombies (D:11)
  A hobgoblin skeleton (D:11)
  A hobgoblin zombie (D:11)
  A jackal zombie (D:6)
  16 kobolds
  A leopard gecko skeleton (D:5)
  3 orc skeletons (D:11)
  13 orc zombies (D:11)
  4 rats
333 creatures vanquished.

Vanquished Creatures (collateral kills)
  A hydra (Lair:1)
  A water moccasin (Lair:2)
  A killer bee (D:10)
3 creatures vanquished.

Vanquished Creatures (others)
  A slave (D:7)
  An orc wizard (D:7)
  2 plants (Lair:1)
4 creatures vanquished.

Grand Total: 340 creatures vanquished

Notes
Turn   | Place    | Note
-------+----------+-------------------------------------------
     0 | D:1      | Avack the Troll Ice Elementalist began the quest for the
                  | Orb.
     0 | D:1      | Reached XP level 1. HP: 16/16 MP: 1/1
   554 | D:1      | Reached XP level 2. HP: 24/24 MP: 2/2
   959 | D:2      | Reached XP level 3. HP: 27/31 MP: 0/3
  1123 | D:2      | Found a sparkling altar of Nemelex Xobeh.
  1123 | D:2      | Found an opulent altar of Gozag.
  1412 | D:3      | Learned a level 3 spell: Ozocubu's Armour
  1449 | D:3      | Noticed Grinder
  1487 | D:3      | Killed Grinder
  1487 | D:3      | Reached XP level 4. HP: 9/39 MP: 4/4
  1487 | D:3      | Reached XP level 5. HP: 11/45 MP: 5/5
  1509 | D:3      | Learned a level 2 spell: Throw Frost
  1705 | D:3      | Found a bloodstained altar of Trog.
  1726 | D:3      | Noticed Terence
  1798 | D:3      | Killed Terence
  1798 | D:3      | Reached XP level 6. HP: 48/53 MP: 3/6
  1871 | D:3      | Found a white marble altar of Elyvilon.
  2115 | D:3      | Noticed Sigmund
  2262 | D:3      | Killed Sigmund
  2262 | D:3      | Reached XP level 7. HP: 55/59 MP: 4/7
  3129 | D:4      | HP: 1/59 [orc priest/divine providence (15)]
  3320 | D:4      | Reached skill level 5 in Ice Magic
  3348 | D:4      | Reached skill level 2 in Unarmed Combat
  3351 | D:4      | Learned a level 1 spell: Confusing Touch
  3422 | D:4      | Reached skill level 3 in Unarmed Combat
  3422 | D:4      | Reached skill level 1 in Hexes
  3422 | D:4      | Reached XP level 8. HP: 67/67 MP: 4/8
  3684 | D:4      | Found a staircase to the Ecumenical Temple.
  3694 | Temple   | Entered the Ecumenical Temple
  3838 | Temple   | Became a worshipper of Ashenzari the Shackled
  3956 | D:4      | Found Ket Rufifu's Book Shop.
  4300 | D:5      | Entered Level 5 of the Dungeon
  4315 | D:5      | Reached skill level 4 in Unarmed Combat
  4473 | D:5      | Found an iron altar of Okawaru.
  4645 | D:5      | Found a blossoming altar of Fedhas.
  4654 | D:5      | Found a runed translucent door.
  4655 | D:5      | Noticed Crazy Yiuf
  4713 | D:5      | Killed Crazy Yiuf
  5272 | D:6      | Reached skill level 5 in Unarmed Combat
  5801 | D:6      | Found a shadowy altar of Dithmenos.
  5801 | D:6      | Found a glowing golden altar of the Shining One.
  5920 | D:7      | Noticed Menkaure
  5923 | D:7      | Reached skill level 6 in Unarmed Combat
  5923 | D:7      | Reached XP level 9. HP: 74/74 MP: 5/9
  5950 | D:7      | Killed Menkaure
  6084 | D:7      | Found a sacrificial altar of Ru.
  6470 | D:7      | Reached skill level 7 in Unarmed Combat
  6562 | D:7      | Noticed Pikel
  6596 | D:7      | Killed Pikel
  6596 | D:7      | Reached skill level 8 in Unarmed Combat
  6651 | D:7      | Reached * piety under Ashenzari
  6704 | D:7      | Found a glowing silver altar of Zin.
  7045 | D:7      | Found a burning altar of Makhleb.
  7266 | D:7      | Reached skill level 9 in Unarmed Combat
  7470 | D:8      | Found a staircase to the Lair.
  7771 | D:8      | Found a deep blue altar of Sif Muna.
  8203 | D:9      | Reached skill level 1 in Fighting
  8335 | D:9      | Noticed Erica
  8431 | D:9      | Reached skill level 10 in Unarmed Combat
  8443 | D:9      | Reached XP level 10. HP: 66/85 MP: 10/10
  8444 | D:9      | Reached ** piety under Ashenzari
  8682 | D:9      | Noticed a two-headed ogre
  8892 | D:9      | Noticed Erolcha
  8918 | D:9      | Killed Erolcha
  9286 | D:10     | Entered Level 10 of the Dungeon
  9501 | D:10     | Reached skill level 1 in Shields
 10227 | D:10     | Noticed a two-headed ogre
 10752 | D:11     | Found an ancient bone altar of Kikubaaqudgha.
 10864 | D:11     | Found a staircase to the Orcish Mines.
 11003 | D:11     | Reached skill level 5 in Shields
 11117 | D:11     | Paralysed by a hornet for 2 turns
 11120 | D:11     | Reached XP level 11. HP: 65/97 MP: 11/11
 11757 | Lair:1   | Entered Level 1 of the Lair of Beasts
 11757 | Lair:1   | Reached *** piety under Ashenzari
 11810 | Lair:1   | Learned a level 4 spell: Summon Ice Beast
 11888 | Lair:1   | Noticed an oklob plant
 11888 | Lair:1   | Noticed an oklob plant
 11888 | Lair:1   | Noticed an oklob plant
 11940 | D:8      | Reached skill level 1 in Summonings
 12162 | Lair:1   | Noticed a four-headed hydra
 12552 | Lair:1   | Learned a level 1 spell: Apportation
 12807 | Lair:1   | Killed a five-headed hydra
 13022 | Lair:1   | Noticed a six-headed hydra
 13037 | Lair:1   | Killed a six-headed hydra
 13488 | Lair:2   | Noticed Nergalle
 13525 | Lair:2   | Noticed a spectral orc warlord
 13698 | Lair:2   | Identified a scroll of acquirement
 13710 | Lair:2   | Found a frozen archway.
 13715 | Lair:2   | Reached **** piety under Ashenzari
 13719 | IceCv    | Entered an ice cave
 13895 | IceCv    | HP: 2/97 [wolf (9)]
 13896 | IceCv    | Slain by a wolf

Levels and vault maps discovered:
D:1:      psy_arrival_statuary, layout_basic
D:2:      layout_loops_cross, grunt_temple_overflow_opulence, first_ration
D:3:      layout_loops_corners, bloody_trog, lemuel_doored_altar,
          chequers_serial_rivers_large_a, minmay_fractal_squares_diagonal_5,
          uniq_grinder, uniq_terence, uniq_sigmund
D:4:      layout_basic, minmay_temple_entry_gardened_gates, serial_shops,
          kennysheep_mini, grunt_ministairs_6, kennysheep_cross_room
D:5:      layout_loops_ring, okawaru_trees_2, nicolae_overflow_crystal_walls,
          uniq_crazy_yiuf_cottage
D:6:      layout_rooms, nicolae_overflow_hidden_temple, supply_closet_lemuel,
          minmay_between
D:7:      layout_loops_corners, lemuel_round_altar, kennysheep_mini_moat,
          zin_treasury, minivault_19, grunt_ogre_cave, uniq_menkaure, uniq_pikel
D:8:      layout_loops_ring, tgw_sif, lair_entry_dummy
D:9:      layout_roguey, uniq_erolcha, uniq_erica
D:10:     layout_basic, kennysheep_generic_room_6
D:11:     layout_roguey, zombieorc2_lemuel, basic_altar
D:12:     layout_loops_ring, hex_medium
Temple:   nicolae_temple_figure_zero
Lair:1:   cheibrodos_lair_river_kwai, layout_regular_city, grunt_megastairs_5,
          minmay_lair_oklob_chamber, serial_bayou_shore_b, lemuel_fruit_tree
Lair:2:   layout_big_grid, portal_ice_cave_entry_ice_beasts,
          chequers_serial_rivers_micro_a, beast_lair_carwin_4, uniq_nergalle
IceCv:    ice_cave_caverns_03

Skill      XL: |  1  2  3  4  5  6  7  8  9 10 11 |
---------------+----------------------------------+-----
Ice Magic      | 3 4 5 6 |  6.7
Charms         | 2 3 |  3.9
Unarmed Combat | 3 6 10 | 10.6
Hexes          | 1 3 |  3.4
Dodging        | 2 3 |  3.7
Fighting       | 1 3 |  3.2
Shields        | 5 7 |  7.1
Summonings     | 4 |  4.2
Stealth        | |  1.0
Spellcasting   | |  1.2
Conjurations   | |  0.6

Action                   |  1- 3 |  4- 6 |  7- 9 | 10-12 || total
-------------------------+-------+-------+-------+-------++-------
Melee: Unarmed           |    56 |    89 |   474 |   719 ||  1338
       Punch             |       |       |    10 |     8 ||    18
Throw: Dart              |       |       |    47 |    46 ||    93
       Boomerang         |       |       |    24 |    11 ||    35
       Throwing net      |       |       |       |     1 ||     1
 Cast: Freeze            |     8 |       |       |       ||     8
       Throw Frost       |       |    15 |    34 |    19 ||    68
       Ozocubu's Armour  |       |     4 |    32 |    32 ||    68
       Confusing Touch   |       |       |    19 |    51 ||    70
       Summon Ice Beast  |       |       |       |    12 ||    12
Invok: Curse Item        |       |       |     2 |     1 ||     3
Evoke: Wand              |       |       |     3 |       ||     3
       Sack of spiders   |       |       |       |     3 ||     3
       Lamp of fire      |       |       |       |     1 ||     1
  Use: Scroll            |       |     6 |     9 |    11 ||    26
       Potion            |       |       |     6 |     5 ||    11
 Stab: Sleeping          |     2 |       |     4 |     2 ||     8
       Confused          |       |       |     9 |    18 ||    27
       Invisible         |       |       |     1 |       ||     1
  Eat: Ration            |     1 |       |       |     2 ||     3
       Chunk             |    15 |     7 |    66 |    62 ||   150
Armor: Robe              |    18 |    34 |   158 |   289 ||   499
Dodge: Dodged            |    31 |    48 |   205 |   357 ||   641
Block: Shield            |       |       |       |   247 ||   247

Table legend:
 A = Non-vault XP
 B = Vault XP
 C = Vault XP percentage of total XP
 D = Non-vault monster count
 E = Vault monster count
 F = Vault count percentage of total count
                 A         B        C        D         E       F
            +---------+---------+-------+---------+---------+-------
      Total |   14450 |    7036 |  32.7 |     264 |      70 |  21.0
            +---------+---------+-------+---------+---------+-------
        D:1 |      13 |       0 |   0.0 |       7 |       0 |   0.0
        D:2 |      40 |       0 |   0.0 |      17 |       0 |   0.0
        D:3 |      68 |     643 |  90.4 |      21 |      10 |  32.3
        D:4 |     914 |       5 |   0.5 |      36 |       1 |   2.7
        D:5 |     480 |      41 |   7.9 |      17 |       1 |   5.6
        D:6 |     332 |      72 |  17.8 |      12 |       4 |  25.0
        D:7 |     799 |     990 |  55.3 |      19 |       3 |  13.6
        D:8 |     483 |     589 |  54.9 |      12 |       3 |  20.0
        D:9 |    1695 |     985 |  36.8 |      31 |       1 |   3.1
       D:10 |    1966 |       0 |   0.0 |      37 |       0 |   0.0
       D:11 |    2304 |     907 |  28.2 |      22 |      36 |  62.1
       D:12 |     150 |       0 |   0.0 |       8 |       0 |   0.0
     Lair:1 |    4415 |    2376 |  35.0 |      19 |       8 |  29.6
     Lair:2 |     791 |     154 |  16.3 |       6 |       2 |  25.0
      IceCv |       0 |     274 | 100.0 |       0 |       1 | 100.0
            +---------+---------+-------+---------+---------+-------
